AoeStats
← dany91791

Arena

504431516Analyzed
1v1 RM · 28d ago on Sep 5, 2026· 36m 42s· 2 players
Game mode
Random Map
Map size
Tiny (2 player)
Population
200
Speed
Normal
Resources
Standard
Victory
Conquest
Starting age
Dark Age
Ending age
Imperial Age
RankedLock teamsTeams togetherTeam positionsShared explorationLock speedFull tech treeHidden civsTurbo modeCheats
Victory
Defeat
🇪🇸 Romans · Spain
534
+17
🇲🇽 Lithuanians · Mexico
552
-17
sotragering
11:11 Feudal Age
9:48 Loom
11:48 Double-Bit Axe
11:48 Horse Collar
13:55 Man-at-Arms
20:19 Castle Age
22:18 Bow Saw
24:31 Forging
24:54 Heavy Plow
25:34 Stone Mining
27:45 Wheelbarrow
28:34 Iron Casting
29:03 Long Swordsman
29:58 Murder Holes
31:34 Gold Mining
33:09 Ballistas
33:58 Hand Cart
dany91791
5:12 Loom
8:36 Feudal Age
11:57 Double-Bit Axe
11:56 Horse Collar
16:31 Town Watch
22:53 Castle Age
21:53 Fletching
22:04 Padded Archer Armor
22:55 Gold Mining
24:03 Wheelbarrow
24:55 Town Patrol
25:16 Bow Saw
27:04 Husbandry
27:18 Bloodlines
26:30 Light Cavalry
27:17 Thumb Ring
26:38 Crossbowman
29:11 Heavy Plow
29:24 Bodkin Arrow
29:40 Forging
29:32 Scale Mail Armor
29:38 Scale Barding Armor
29:50 Leather Archer Armor
30:18 Wheelbarrow
29:41 Elite Skirmisher
Connection lost

Rejoining the realm…

Still unreachable

The connection could not be restored.

Session expired

The server has moved on; the page needs a fresh start.